 Dungeon Crawl Stone Soup version 0.26-a0-651-gb41185065b (webtiles) character file.

Game seed: 4928455357690269427

130 Azzok the Shield-Bearer (level 4, -2/35 HPs)
             Began as a Demonspawn Fighter on Oct 30, 2020.
             Slain by an orc wizard
             ... wielding a +0 dagger
              (4 damage)
             ... on level 2 of the Dungeon.
             The game lasted 00:02:15 (2477 turns).

Azzok the Shield-Bearer (Demonspawn Fighter)        Turns: 2477, Time: 00:02:16

Health: -2/35      AC:  9    Str: 17    XL:     4   Next: 90%
Magic:  4/4        EV:  7    Int: 10    God:
Gold:   154        SH:  9    Dex: 12    Spells: 3/3 levels left

rFire    . . .     SeeInvis .     - Unarmed
rCold    . . .     Faith    .   b - +0 kite shield
rNeg     . . .     Spirit   .   a - +0 scale mail
rPois    .         Reflect  .   (no helmet)
rElec    .         Harm     .   f - +0 cloak
rCorr    .         Rampage  .   (no gloves)
MR       .....                  (no boots)
Stlth    ..........             (no amulet)
HPRegen  0.11/turn              (no ring)
MPRegen  0.09/turn              (no ring)

@: no status effects
A: sharp scales 2
a: no special abilities


You were on level 2 of the Dungeon.
You visited 1 branch of the dungeon, and saw 3 of its levels.

You collected 154 gold pieces.

Inventory:

Hand Weapons
 g - a +0 short sword of speed
Armour
 a - a +0 scale mail (worn)
 b - a +0 kite shield (worn)
 f - a +0 cloak (worn)
Jewellery
 m - an uncursed ring of positive energy {unknown}
Scrolls
 d - a scroll of enchant armour {unknown}
 h - 6 scrolls of teleportation {unknown}
 i - 5 scrolls of identify {unknown}
 k - a scroll of noise {unknown}
 n - 3 scrolls of amnesia {unknown}
 p - a scroll of remove curse {unknown}
 q - 2 scrolls of blinking {unknown}
Potions
 c - 2 potions of might
 e - 2 potions of curing {unknown}
 j - a potion of brilliance {unknown}
 l - 2 potions of flight {unknown}
 o - a potion of invisibility {unknown}
 r - a potion of heal wounds {unknown}


   Skills:
 - Level 3.0 Fighting
 - Level 2.6 Armour
 + Level 4.1 Shields
 + Level 3.5 Unarmed Combat


You had 3 spell levels left.
You didn't know any spells.
Your spell library was empty.

Dungeon Overview and Level Annotations

Branches:
Dungeon (3/15)

Altars:
Cheibriados
Gozag
Qazlal
Yredelemnul


Innate Abilities, Weirdness & Mutations

You are mostly covered in razor-sharp scales. (AC +2, Slay +2)


Message History

The orc wizard gestures at you while chanting.
The magic dart hits you but does no damage.
The orc wizard hits you but does no damage.
You hit the orc wizard.
The orc wizard is heavily wounded.
The orc wizard hits you but does no damage.
You hit the orc wizard but do no damage.
The orc wizard is heavily wounded.
The orc wizard casts a spell at you. The magic dart hits you.
* * * LOW HITPOINT WARNING * * *
The orc wizard hits you but does no damage.
You closely miss the orc wizard.
The orc wizard is heavily wounded.
You block the orc wizard's attack.
You barely miss the orc wizard.
The orc wizard is heavily wounded.
You block the orc wizard's attack.
The orc wizard hits you with a +0 dagger.
You die...

▒·▒·▒▒▒▒·▒▒··▒·8···8·▒▒·▒·▒▒▒▒·
▒·▒·····>····▒·······▒·······▒·
▒·▒▒▒▒▒▒▒▒▒▒·····_······▒)▒▒·▒▒
▒▒·▒▒▒▒▒▒▒▒▒▒▒▒·······▒··▒·▒▒··▒
▒·············▒·8···8·▒··▒·▒▒▒·▒
▒▒▒▒▒▒▒▒▒▒▒▒▒▒▒▒·····▒▒▒▒▒·▒ ▒··
▒·▒▒▒·▒▒▒···▒·▒▒▒▒· ▒▒▒▒▒▒·▒▒▒·▒
▒·▒·▒····▒· ▒······@o··▒
▒·▒·▒▒▒▒·▒▒ ▒·······▒▒▒▒ ▒·▒·▒
▒·▒▒ ▒·······▒ ▒·▒·▒ ▒···
▒·······▒▒▒▒▒▒·▒·▒ ▒▒▒▒
▒··············▒·▒
▒····)··▒··▒▒▒▒▒·▒ ▒▒▒▒·······▒
▒·▒ ▒·▒▒<···▒ ▒·▒
▒·▒▒▒▒▒▒▒▒▒▒▒·▒


You could see an orc wizard (fast).

Vanquished Creatures
  An orc priest (D:3)
  4 gnolls
  An ooze (D:1)
  3 worms
  A dart slug (D:1)
  A ball python (D:3)
  A bat (D:3)
  A giant cockroach (D:1)
  6 goblins
  4 hobgoblins
  7 jackals (D:1)
  A quokka (D:2)
  3 frilled lizards (D:1)
  7 kobolds
  9 rats
50 creatures vanquished.

Notes
Turn   | Place    | Note
-------+----------+-------------------------------------------
     0 | D:1      | Azzok the Demonspawn Fighter began the quest for the Orb.
     0 | D:1      | Reached XP level 1. HP: 18/18 MP: 1/1
   118 | D:1      | Reached skill level 3 in Shields
   118 | D:1      | Gained mutation: You are partially covered in razor-sharp
                  | scales. (AC +1, Slay +1) [demonic ancestry]
   118 | D:1      | Reached XP level 2. HP: 22/24 MP: 2/2
   427 | D:1      | Gained mutation: You are mostly covered in razor-sharp
                  | scales. (AC +2, Slay +2) [demonic ancestry]
   427 | D:1      | Reached XP level 3. HP: 20/29 MP: 3/3
  1178 | D:2      | Found an opulent altar of Gozag.
  1213 | D:2      | Found a basalt altar of Yredelemnul.
  1214 | D:2      | Found a stormy altar of Qazlal.
  1312 | D:2      | Found a snail-covered altar of Cheibriados.
  1741 | D:1      | Reached XP level 4. HP: 31/35 MP: 4/4
  2457 | D:3      | Reached skill level 4 in Shields
  2477 | D:2      | Slain by an orc wizard

Illustrated notes

Levels and vault maps discovered:
D:1:      dpeg_arrival_rooms_with_view, layout_rooms
D:2:      layout_basic, nicolae_overflow_hidden_temple, grunt_gozag_statues,
          serial_glass, glass_columns_a, glass_columns_b
D:3:      layout_basic, uniq_crazy_yiuf_cottage

Skill      XL: |  1  2  3  4 |
---------------+-------------+-----
Unarmed Combat | 2 3 |  3.5
Shields        | 3 4 |  4.1
Fighting       | |  3.0
Armour         | |  2.6

Action                   |  1- 3 |  4- 6 || total
-------------------------+-------+-------++-------
Melee: Unarmed           |   175 |    51 ||   226
Armor: Scale mail        |    66 |    30 ||    96
Dodge: Dodged            |    41 |    25 ||    66
Block: Kite shield       |    79 |    35 ||   114

Table legend: (Time is in decaauts)
 A = Elapsed time spent in this place.
 B = Non-inter-level travel time spent in this place.
 C = Inter-level travel time spent in this place.
 D = Time resting spent in this place.
 E = Time spent auto-exploring this place.
 F = Levels seen in this place.
 G = Mean time per level.
                   A        B        C        D        E       F      G
               +--------+--------+--------+--------+--------+-----+--------+
         Total |   2487 |   2407 |     80 |    365 |   1590 |   3 |  829.0 |
       Dungeon |   2487 |   2407 |     80 |    365 |   1590 |   3 |  829.0 |
               +--------+--------+--------+--------+--------+-----+--------+

Top non-repeatable levels by time:
     D:1: 1270 daAuts
     D:2: 907 daAuts
     D:3: 309 daAuts
